 Dungeon Crawl Stone Soup version 0.30.0-10-gfe55d96785 (webtiles) character file.

Game seed: 9871101183054865934

1428 tish the Chopper (level 9, 0/69 HPs)
             Began as a Formicid Fighter on May 16, 2023.
             Was a Believer of Okawaru.
             Slain by an orc
             ... wielding a +0 trident
              (5 damage)
             ... on level 6 of the Dungeon.
             The game lasted 00:09:31 (6897 turns).

tish the Chopper (Formicid Fighter)                 Turns: 6897, Time: 00:09:32

Health: 0/69       AC: 17    Str: 32 (35) XL:     9   Next: 3%
Magic:  18/18      EV:  8    Int:  4 (7)  God:    Okawaru [**....]
Gold:   300        SH:  4    Dex:  7 (10) Spells: 8/8 levels left

rFire   + . .        a - +0 war axe
rCold   . . .        c - +0 buckler
rNeg    . . .        t - +1 plate armour
rPois   .            (helmet unavailable)
rElec   .            D - +0 cloak
rCorr   +            s - +0 pair of gloves
SInv    +            z - +0 pair of boots
Will    .....        (no amulet) Stlth
                     m - +6 ring of strength
HPRegen 0.31/turn    o - ring of Heuf {Contam rCorr MP+9 SInv Stlth+}
MPRegen 0.16/turn

%: no passive effects
@: no status effects
A: permanent stasis, dig shafts and tunnels, antennae 3, four strong arms,
clumsy 1, deterioration 1, fire resistance 1, strong 1
a: Dig, Shaft Self, Renounce Religion, Heroism


You were on level 6 of the Dungeon.
You worshipped Okawaru.
Okawaru was pleased with you.
You visited 2 branches of the dungeon, and saw 7 of its levels.

You collected 300 gold pieces.

Inventory:

Hand Weapons
 a - a +0 war axe (weapon)
 B - a +2 dagger of venom
Missiles
 r - 6 datura-tipped darts
Armour
 b - a +0 scale mail
 c - a +0 buckler (worn)
 s - a +0 pair of gloves (worn)
 t - a +1 plate armour (worn)
 z - a +0 pair of boots (worn)
 D - a +0 cloak (worn)
Jewellery
 g - the ring "Feloa" {Fire Fly Will+++ Int+4}
   (You found it on level 6 of the Dungeon)

   [ring of fire]

   It enhances your fire magic.
   Int:       It affects your intelligence (+4).
   rF:        It protects you from fire.
   rC:        It makes you vulnerable to cold.
   Fly:       It grants you flight.
   Will:      It greatly increases your willpower.
 m - a +6 ring of strength (left hand)
 o - the ring of Heuf (right hand) {Contam rCorr MP+9 SInv Stlth+}
   (You found it on level 2 of the Dungeon)

   [ring of magical power]

   MP:        It affects your magic capacity (+9).
   SInv:      It lets you see invisible.
   Contam:    It causes magical contamination when unequipped.
   rCorr:     It protects you from acid and corrosion.
   Stlth:     It makes you more stealthy.
Wands
 i - a wand of roots (7)
 C - a wand of polymorph (9)
Scrolls
 e - a scroll of identify
 k - 4 scrolls of teleportation
 p - a scroll of magic mapping
 q - 4 scrolls of fog
 y - a scroll of enchant armour
 A - a scroll of fear
Potions
 d - a potion of might
 f - 2 potions of curing
 h - 3 potions of brilliance
 j - 2 potions of resistance {unknown}
 n - 2 potions of heal wounds
 v - a potion of haste {unknown}
 w - a potion of ambrosia {unknown}
 x - a potion of magic


   Skills:
 + Level 5.6 Fighting
 + Level 7.7 Axes
 + Level 6.0 Armour
 + Level 0.5 Dodging
 + Level 0.2 Stealth
 + Level 5.8 Shields
 + Level 1.1 Invocations


You had 8 spell levels left.
You didn't know any spells.
Your spell library contained the following spells:

 Spells                   Type           Power      Damage    Failure   Level
 Freeze                   Ice            0%         1d3       99%         1
 Magic Dart               Conj           0%         1d3       99%         1
 Cigotuvi's Dreadful Rot  Necr/Pois/Air  0%         N/A       100%        2
 Searing Ray              Conj           0%         2d4       100%        2
 Frozen Ramparts          Ice            0%         1d1       100%        3
 Hailstorm                Conj/Ice       0%         3d3       100%        3
 Ignite Poison            Fire/Tmut/Pois 0%         N/A       100%        3
 Fulminant Prism          Conj/Hex       0%         3d5       100%        4
 Freezing Cloud           Conj/Ice/Air   0%         6-21      100%        5


Dungeon Overview and Level Annotations

Branches:
Dungeon (6/15)             Temple (1/1) D:4

Altars:
Ashenzari
Cheibriados
Dithmenos
Elyvilon
Fedhas
Gozag
Kikubaaqudgha
Makhleb
Nemelex Xobeh
Okawaru
Qazlal
Ru
Trog
Uskayaw
Vehumet
Wu Jian
Xom
Yredelemnul
Zin
The Shining One

Shops:
D:3 (   D:4 :

Annotations:
D:3 exclusion: oklob plant


Innate Abilities, Weirdness & Mutations

You cannot be hasted, slowed, berserked, paralysed or teleported.
You can dig through walls and to a lower floor.
You have a pair of large antennae on your head. (SInv)
Your four strong arms can wield two-handed weapons with a shield.
You are clumsy. (Dex -2)
Your body sometimes deteriorates upon taking damage.
Your flesh is heat resistant. (rF+)
Your muscles are strong. (Str +4, Int/Dex -1)


Message History

The orc warrior is severely wounded.
The bullfrog croaks.
You hear a shout!
The orc barely misses you. The orc hits you but does no damage.
The orc warrior hits you with a +0 long sword.
You hit the orc warrior but do no damage.
The orc warrior is severely wounded.
The orc closely misses you. The orc barely misses you.
The orc warrior hits you with a +0 long sword.
Unknown command.
You are too injured to fight recklessly!
You are too injured to fight recklessly!
You closely miss the orc warrior.
The orc warrior is severely wounded.
The orc hits you from afar with a +2 trident of flaming.
The orc barely misses you.
The orc warrior hits you but does no damage.
You slash the orc warrior!
The orc warrior is almost dead.
You block the orc's attack. The orc hits you but does no damage.
The orc warrior hits you with a +0 long sword.
You closely miss the orc warrior.
The orc warrior is almost dead.
You block the orc's attack.
The orc hits you from afar with a +2 trident of flaming!
* * * LOW HITPOINT WARNING * * *
The orc burns you.
* * * LOW HITPOINT WARNING * * *
The orc warrior closely misses you.
The orc hits you from afar with a +2 trident of flaming.
* * * LOW HITPOINT WARNING * * *
The orc burns you.
* * * LOW HITPOINT WARNING * * *
The orc warrior hits you with a +0 long sword!
* * * LOW HITPOINT WARNING * * *
The orc barely misses you.
You slash the orc warrior!
You kill the orc warrior!
Okawaru accepts your kill.
The orc hits you from afar with a +0 trident.
You die...

#..........##
##.......<...###
#................
#...........##### #########
##.#####.#### ........# #.#
#.#### ........# #.#
#.##.## ...>....# #.#
#..#..# ........#
#@##...#....####
........####)##...##......#
...........oo##...
#...##..#
............o##........# #
.............##...###....
########.....##...
#...##.## #..........
##..##... #.....###..#
#...#>..
#......##...###.......


You could see 3 orcs.

Vanquished Creatures
  A black bear (D:5)
  An orc warrior (D:6)
  An ice beast (D:5)
  3 phantoms
  A bullfrog (D:5)
  A gnoll sergeant (D:5)
  3 scorpions
  5 wights (D:5)
  A howler monkey (D:5)
  A jelly (D:5)
  A hound (D:5)
  2 sleepcaps (D:5)
  2 iguanas
  An orc wizard (D:5)
  6 gnolls
  6 adders
  A shadow imp (D:5)
  An ufetubus (D:5)
  2 worms (D:3)
  9 orcs
  5 ball pythons
  5 bats
  4 endoplasms
  4 giant cockroaches
  10 goblins
  7 hobgoblins
  14 jackals
  7 kobolds
  4 quokkas
  6 frilled lizards
  2 rats
117 creatures vanquished.

Notes
Turn   | Place    | Note
-------+----------+-------------------------------------------
     0 | D:1      | tish the Formicid Fighter began the quest for the Orb.
     0 | D:1      | Reached XP level 1. HP: 18/18 MP: 1/1
   112 | D:1      | Reached XP level 2. HP: 24/24 MP: 2/2
   271 | D:1      | Reached XP level 3. HP: 30/30 MP: 3/3
  1343 | D:2      | Identified the ring of Heuf {Contam rCorr MP+9 SInv Stlth+}
  1467 | D:2      | Found a faded altar of an unknown god.
  1648 | D:2      | Reached XP level 4. HP: 30/37 MP: 4/4
  2281 | D:3      | Reached skill level 3 in Axes
  2387 | D:3      | Found a blossoming altar of Fedhas.
  2409 | D:3      | Noticed an oklob plant
  2529 | D:3      | Reached XP level 5. HP: 39/42 MP: 5/5
  2775 | D:3      | Found Xaklobb's Weapon Emporium.
  3271 | D:4      | Found a staircase to the Ecumenical Temple.
  3288 | Temple   | Entered the Ecumenical Temple
  3480 | Temple   | Became a worshipper of Warmaster Okawaru
  3628 | D:4      | Noticed a walking divine tome
  3630 | D:4      | Found Faemn's Book Shop.
  3632 | D:4      | Noticed a walking earthen tome
  4255 | D:4      | Reached XP level 6. HP: 49/49 MP: 6/6
  4307 | D:4      | Reached skill level 4 in Axes
  4844 | D:5      | Entered Level 5 of the Dungeon
  4893 | D:5      | Reached XP level 7. HP: 27/55 MP: 7/7
  5007 | D:5      | Reached skill level 5 in Armour
  5007 | D:5      | Reached skill level 5 in Shields
  5077 | D:5      | Reached * piety under Okawaru
  5078 | D:5      | Reached skill level 5 in Axes
  5311 | D:5      | Reached skill level 5 in Fighting
  5525 | D:5      | Reached skill level 6 in Axes
  5525 | D:5      | Reached XP level 8. HP: 62/62 MP: 8/8
  5931 | D:5      | Reached ** piety under Okawaru
  5932 | D:5      | Reached skill level 7 in Axes
  5959 | D:5      | Found a basalt altar of Yredelemnul.
  6547 | D:5      | Gained mutation: Your flesh is heat resistant. (rF+)
                  | [potion of mutation]
  6547 | D:5      | Gained mutation: Your body sometimes deteriorates upon
                  | taking damage. [potion of mutation]
  6547 | D:5      | Gained mutation: You are clumsy. (Dex -2) [potion of
                  | mutation]
  6547 | D:5      | Gained mutation: Your muscles are strong. (Str +4, Int/Dex
                  | -1) [potion of mutation]
  6601 | D:6      | Reached skill level 1 in Invocations
  6615 | D:6      | Identified the ring "Feloa" {Fire Fly Will+++ Int+4}
  6660 | D:5      | Reached XP level 9. HP: 50/69 MP: 9/9
  6897 | D:6      | Slain by an orc

Illustrated notes

Levels and vault maps discovered:
D:1:      dpeg_arrival_windows_large_door, layout_basic
D:2:      layout_basic, shapermc_ecumenical_altar_acropolis, eino_curves_02,
          minmay_misc_feat_roman
D:3:      layout_basic, tgw_fedhas, serial_shops, shop
D:4:      layout_basic, minmay_temple_entry_antechambers, serial_shops,
          nicolae_shop_mannequins, serial_bayou_crossing
D:5:      layout_basic, mainiacjoe_overflow_surrounded_room, st_stairs_4,
          hangedman_decor_slide_cut, nicolae_zen_rock_garden,
          corexii_checkpoint_b
D:6:      layout_rooms, gammafunk_temple_overflow_wave, portal_sewer_entry_e,
          serial_shops, shop
Temple:   dpeg_five_rooms_temple

Skill      XL: |  1  2  3  4  5  6  7  8 |
---------------+-------------------------+-----
Fighting       | 4 5 |  5.6
Axes           | 3 4 6 7 |  7.7
Armour         | 4 5 6 |  6.0
Shields        | 5 |  5.8
Invocations    | 1 |  1.1
Dodging        | |  0.5
Stealth        | |  0.2

Action                     |  1- 3 |  4- 6 |  7- 9 || total
---------------------------+-------+-------+-------++-------
  Melee: War axe           |    94 |   171 |   127 ||   392
 Invoke: Heroism           |       |       |     1 ||     1
    Use: Scroll            |     3 |     6 |     3 ||    12
         Potion            |     1 |     2 |     6 ||     9
 Armour: Scale mail        |    46 |    23 |       ||    69
         Plate armour      |       |    37 |    94 ||   131
  Dodge: Dodged            |    45 |    88 |    64 ||   197
  Block: Buckler           |    19 |    46 |    38 ||   103
